 Dungeon Crawl Stone Soup version 0.19-a0-1922-g1e9a4c1 (webtiles) character file.

61 LORDOFBUTT the Skirmisher (level 4, -3/37 HPs)
             Began as a Human Berserker on Oct 24, 2016.
             Was a Believer of Trog.
             Slain by a worm (4 damage)
             ... on level 2 of the Dungeon.
             The game lasted 00:02:03 (1343 turns).

LORDOFBUTT the Skirmisher (Human Berserker)         Turns: 1343, Time: 00:02:04

Health: -3/37      AC:  2    Str: 18    XL:     4   Next: 27%
Magic:  4/4        EV: 13    Int:  8    God:    Trog [**....]
Gold:   83         SH:  0    Dex: 12    Spells: 0 memorised, 3 levels left

rFire  . . .     SeeInvis .     a - +0 mace
rCold  . . .     Gourm    .     b - +0 animal skin
rNeg   . . .     Faith    .     (no shield)
rPois  .         Spirit   .     (no helmet)
rElec  .         Reflect  .     (no cloak)
rCorr  .         Harm     .     (no gloves)
MR     .....                    (no boots)
Stlth  +.........               (no amulet)
                                (no ring)
                                (no ring)

@: no status effects
A: no striking features
a: Berserk, Trog's Hand, Burn Spellbooks, Renounce Religion


You were on level 2 of the Dungeon.
You worshipped Trog.
Trog was pleased with you.
You were full.

You visited 1 branch of the dungeon, and saw 3 of its levels.

You collected 83 gold pieces.

Inventory:

Hand Weapons
 a - a +0 mace (weapon)
Armour
 b - a +0 animal skin (worn)
Jewellery
 g - an uncursed ring of fire
Wands
 h - a wand of enslavement (11/24)
Scrolls
 e - 2 scrolls of teleportation
 f - a scroll of remove curse
 l - 2 scrolls of recharging {unknown}
 m - 4 scrolls of identify
Potions
 k - 2 potions of degeneration {unknown}
Comestibles
 c - 2 bread rations


   Skills:
 + Level 3.7 Fighting
 + Level 3.5 Maces & Flails
 + Level 2.1 Armour
 + Level 2.8 Dodging
 + Level 0.2 Stealth


You had 3 spell levels left.
You didn't know any spells.

Dungeon Overview and Level Annotations

Branches:
Dungeon (3/15)

Altars:
Ashenzari

Annotations:
D:3 jlc4533's ghost, amateur OpFi


Message History

You are too injured to fight recklessly!
You are too injured to fight recklessly!
You are too injured to fight recklessly!
You are too injured to fight recklessly!
You hit the worm.
The worm is moderately wounded.
The worm closely misses you.
You barely miss the worm.
The worm is lightly wounded.
You hit the worm but do no damage.
The worm is lightly wounded.
The worm bites you!
* * * LOW HITPOINT WARNING * * *
You sock the worm!
The worm is heavily wounded.
The worm barely misses you.
You hit the worm but do no damage.
The worm is heavily wounded.
The worm bites you.
You die...

..###...# #.###..........####....
...###.## #.##............#......
......÷####.#....................
..###...##..#...#.#............##
..# ###....##...._.....?......##
### #..#..#...#.#.[........##
##....................#####
#####.#...............###...
######.......>.(@..............##
.......####.†..†.w...##.##.....##
...########.....##.####.#.......÷
...# #..........#.##............
...####.#...............##.......
...........#.##.#..###.###.......
."..#..?.....##.#..###.# #.......
......#.#.#####.##..##.###.......
..........# #.###....#.........


You could see a worm.

Vanquished Creatures
  An adder (D:3)
  2 oozes
  2 dart slugs (D:1)
  A ball python (D:1)
  6 bats
  4 giant cockroaches
  6 goblins
  2 hobgoblins
  3 kobolds
  A quokka (D:2)
  3 frilled lizards
  A jackal skeleton (D:3)
  6 rats (D:1)
38 creatures vanquished.

Notes
Turn   | Place    | Note
-------+----------+-------------------------------------------
     0 | D:1      | LORDOFBUTT the Human Berserker began the quest for the Orb.
     0 | D:1      | Reached XP level 1. HP: 18/18 MP: 1/1
    48 | D:1      | Reached XP level 2. HP: 21/24 MP: 2/2
   282 | D:1      | Reached XP level 3. HP: 19/29 MP: 3/3
   682 | D:1      | Reached ** piety under Trog
   852 | D:2      | Found a shattered altar of Ashenzari.
  1127 | D:3      | Reached XP level 4. HP: 37/37 MP: 4/4
  1169 | D:3      | Noticed jlc4533's ghost (amateur OpFi)
  1341 | D:2      | HP: 1/37 [worm (10)]
  1343 | D:2      | Slain by a worm

Vault maps used:
D:1:      elethiomel_arrival_quiet
D:2:      lemuel_crystal_altar
D:3:      lemuel_crystal_altar, first_bread, kennysheep_slug_shrine

Action                   |  1- 3 |  4- 6 || total
-------------------------+-------+-------++-------
Melee: Mace              |   136 |    16 ||   152
Invok: Berserk           |     1 |       ||     1
  Use: Scroll            |     6 |       ||     6
       Potion            |       |     1 ||     1
 Stab: Sleeping          |     1 |       ||     1
  Eat: Meat ration       |       |     1 ||     1
       Pizza             |       |     1 ||     1
       Beef jerky        |       |     1 ||     1
Armor: Animal skin       |    43 |       ||    43
Dodge: Dodged            |   111 |     9 ||   120
